 Dungeon Crawl Stone Soup version 0.29-a0-330-g52719c12eb (webtiles) character file.

Game seed: 2159576385142351316

1547 dohliylev the Ruffian (level 8, -8/78 HPs)
             Began as a Troll Warper on May 27, 2022.
             Mangled by a boulder beetle (29 damage)
             ... on level 6 of the Dungeon.
             The game lasted 00:13:54 (4867 turns).

dohliylev the Ruffian (Troll Warper)                Turns: 4867, Time: 00:13:55

Health: -8/78      AC:  4    Str: 22    XL:     8   Next: 57%
Magic:  6/9        EV: 10    Int:  9    God:
Gold:   344        SH:  0    Dex:  9    Spells: 8/10 levels left

rFire   + . .      SeeInvis .     - Unarmed
rCold   . . .      Faith    .   (no shield)
rNeg    . . .      Spirit   .   a - +0 robe
rPois   .          Reflect  .   (helmet restricted)
rElec   .          Harm     .   (no cloak)
rCorr   .          Rampage  .   (gloves unavailable)
Will    .....                   (boots unavailable)
Stlth   +.........              (no amulet)
HPRegen 1.03/turn               n - ring of protection from fire
MPRegen 0.11/turn               r - ring of flight

@: flying
A: large, unfitting armour, claws 3, regeneration 1, shaggy fur 1, tough skin 1
a: no special abilities


You were on level 6 of the Dungeon.
You visited 1 branch of the dungeon, and saw 6 of its levels.

You collected 344 gold pieces.

Inventory:

Missiles
 s - 2 javelins (quivered)
Armour
 a - a +0 robe (worn)
Jewellery
 n - a ring of protection from fire (left claw)
 r - a ring of flight (right claw)
Wands
 x - a wand of acid (9)
Scrolls
 b - a scroll of blinking
 c - a scroll of magic mapping {unknown}
 e - 5 scrolls of teleportation {unknown}
 g - 2 scrolls of immolation {unknown}
 i - a scroll of fear {unknown}
 j - a scroll of noise {unknown}
 o - 2 scrolls of fog {unknown}
 q - a scroll of summoning {unknown}
 t - 5 scrolls of identify {unknown}
 v - 2 scrolls of holy word {unknown}
 y - a scroll of torment {unknown}
 A - a scroll of enchant weapon {unknown}
Potions
 d - a potion of lignification {unknown}
 f - 3 potions of mutation {unknown}
 h - a potion of degeneration {unknown}
 k - 3 potions of curing
 l - 3 potions of heal wounds {unknown}
 m - 2 potions of flight {unknown}
 p - 2 potions of brilliance
 u - 4 potions of attraction {unknown}
 w - a potion of berserk rage {unknown}
 z - a potion of might {unknown}


   Skills:
 + Level 4.2 Fighting
 + Level 0.4(0.5) Short Blades
 + Level 0.2(0.4) Long Blades
 + Level 0.2(0.4) Axes
 + Level 0.2(0.4) Maces & Flails
 + Level 0.4(0.6) Polearms
 + Level 0.2(0.4) Staves
 + Level 0.1(1.7) Slings
 - Level 0.8 Bows
 - Level 0.1 Crossbows
 - Level 4.0 Throwing
 + Level 4.6 Dodging
 - Level 0.2 Shields
 + Level 5.1 Unarmed Combat
 + Level 1.5 Spellcasting
 - Level 0.3 Conjurations
 - Level 0.2 Hexes
 - Level 0.4 Summonings
 - Level 0.2 Necromancy
 + Level 2.5 Translocations
 - Level 0.1 Transmutations
 - Level 0.4 Fire Magic
 - Level 0.2 Ice Magic
 - Level 0.3 Air Magic
 - Level 0.2 Earth Magic
 - Level 0.2 Poison Magic
 - Level 0.3 Invocations
 + Level 0.2 Evocations


You had 8 spell levels left.
You knew the following spells:

 Your Spells              Type           Power      Damage    Failure   Level
a - Blink                 Tloc           10%        N/A       19%         2

Your spell library contained the following spells:

 Spells                   Type           Power      Damage    Failure   Level
 Gell's Gravitas          Tloc           5%         N/A       36%         3
 Lesser Beckoning         Tloc           5%         N/A       36%         3
 Teleport Other           Tloc           5%         N/A       36%         3
 Ensorcelled Hibernation  Hex/Ice        2%         N/A       43%         2
 Passwall                 Tmut/Erth      0%         N/A       43%         2
 Swiftness                Air            1%         N/A       67%         3
 Manifold Assault         Tloc           5%         N/A       98%         5
 Summon Forest            Summ/Tloc      1%         N/A       99%         5
 Dispersal                Tloc           2%         N/A       100%        6
 Eringya's Noxious Bog    Tmut/Pois      0%         N/A       100%        6
 Summon Hydra             Summ           0%         N/A       100%        7
 Disjunction              Tloc           2%         N/A       100%        8


Dungeon Overview and Level Annotations

Branches:
Dungeon (6/15)
 Temple: D:4-7

Altars:
Elyvilon
Ru
Uskayaw
Yredelemnul


Innate Abilities, Weirdness & Mutations

You are too large for most types of armour.
You have claws for hands.
Your natural rate of healing is unusually fast.
You are covered in fur. (AC +1)
You have tough skin. (AC +1)


Message History

The boulder beetle stops rolling and uncurls.
An adder comes into view.
Found 10 gold pieces.
You feel stable enough to blink again.
The adder hisses angrily.
The adder moves out of view.
Casting: Blink (safe; 19% risk of failure)
Confirm with . or Enter, or press ? or * to list all spells.
You miscast Blink.
You are very lightly contaminated with residual magic.
Nothing appears to happen.
The boulder beetle closely misses you.
Unknown command.
Casting: Blink (safe; 19% risk of failure)
Confirm with . or Enter, or press ? or * to list all spells.
You blink.
The adder attacks as you move away! The adder barely misses you.
The adder closely misses you. The adder attacks as you move away!
The adder barely misses you.
The boulder beetle curls into a ball and begins rolling!
You feel stable enough to blink again. The adder bites you but does no damage.
Your magical contamination has completely faded away.
The boulder beetle attacks as you move away!
The boulder beetle hits you!
The boulder beetle stops rolling and uncurls.
The boulder beetle attacks as you move away!
The boulder beetle bites you but does no damage.
Found a scroll labelled QURUKHLO HOASHE.
The boulder beetle attacks as you move away!
The boulder beetle closely misses you. The adder attacks as you move away!
The adder bites you but does no damage. The adder attacks as you move away!
The adder closely misses you.
The boulder beetle attacks as you move away!
The boulder beetle bites you!!
* * * LOW HITPOINT WARNING * * *
The boulder beetle attacks as you move away!
The boulder beetle bites you.
* * * LOW HITPOINT WARNING * * *
You reach down and open the door.
The boulder beetle bites you!!
You die...

#######
##ySB@.#
##..###'#
###...#
..#
###.....#
#.#
#.?.....#
.#
##...O.##
.# ...
...
###.### #
.... .#.
##5.#
#...#..
#..##
#..#...


You could see a boulder beetle, a hornet and an adder.

Vanquished Creatures
  Eustachio (D:6)
  Menkaure (D:4)
  An ice beast (D:6)
  A phantom (D:5)
  A kobold brigand (D:5)
  A bullfrog (D:6)
  6 scorpions
  2 howler monkeys (D:5)
  3 hounds (D:5)
  2 orc priests
  Jessica (D:3)
  2 iguanas
  Terence (D:2)
  3 orc wizards
  A mummy (D:5)
  3 adders
  7 gnolls (D:4)
  A shadow imp (D:6)
  A white imp (D:6)
  3 dart slugs
  A worm (D:3)
  17 orcs
  3 endoplasms
  3 giant cockroaches
  10 goblins
  8 hobgoblins
  5 jackals
  11 kobolds
  5 quokkas
  5 ball pythons
  6 bats
  9 frilled lizards
  A kobold zombie (D:5)
  3 orc zombies (D:5)
  2 rats
131 creatures vanquished.

Vanquished Creatures (others)
  37 plants (D:2)
37 creatures vanquished.

Grand Total: 168 creatures vanquished

Notes
Turn   | Place    | Note
-------+----------+-------------------------------------------
     0 | D:1      | dohliylev the Troll Warper began the quest for the Orb.
     0 | D:1      | Reached XP level 1. HP: 19/19 MP: 1/1
    16 | D:1      | Reached skill level 1 in Throwing
   241 | D:1      | Reached XP level 2. HP: 27/27 MP: 2/2
   483 | D:1      | Reached XP level 3. HP: 31/35 MP: 4/4
   878 | D:2      | Noticed Terence
   887 | D:2      | Killed Terence
   951 | D:2      | Reached XP level 4. HP: 40/42 MP: 5/5
  1574 | D:2      | Reached skill level 3 in Unarmed Combat
  1934 | D:3      | Found a faded altar of an unknown god.
  2015 | D:3      | Learned a level 2 spell: Blink
  2051 | D:3      | Reached XP level 5. HP: 21/49 MP: 6/6
  2126 | D:3      | Noticed Jessica
  2137 | D:3      | Killed Jessica
  2825 | D:4      | Noticed Menkaure
  2832 | D:4      | Killed Menkaure
  2833 | D:4      | Reached skill level 4 in Unarmed Combat
  2833 | D:4      | Reached XP level 6. HP: 47/57 MP: 7/7
  2902 | D:4      | Found a basalt altar of Yredelemnul.
  2974 | D:4      | Found a white marble altar of Elyvilon.
  3040 | D:4      | Found a hide-covered altar of Uskayaw.
  3691 | D:5      | Entered Level 5 of the Dungeon
  3701 | D:5      | Reached XP level 7. HP: 66/66 MP: 8/8
  4253 | D:5      | Found a sacrificial altar of Ru.
  4534 | D:6      | Noticed Eustachio
  4549 | D:6      | Reached XP level 8. HP: 67/78 MP: 9/9
  4567 | D:6      | Killed Eustachio
  4724 | D:6      | Noticed a hornet
  4775 | D:6      | Reached skill level 5 in Unarmed Combat
  4831 | D:6      | Noticed a boulder beetle
  4867 | D:6      | Mangled by a boulder beetle

Illustrated notes

Levels and vault maps discovered:
D:1:      mrwooster_arrival_statue_2, layout_loops_ring,
          minmay_indecisive_spiral
D:2:      layout_basic, serial_bayou, serial_bayou_shore_b,
          serial_bayou_lagoon_a, serial_bayou_pond_b, serial_bayou_pond_d,
          serial_bayou_crossing, uniq_terence
D:3:      layout_basic, hellmonk_ecumenical_altar_arch_garden, uniq_jessica
D:4:      layout_gridville, kennysheep_ying_yang,
          mainiacjoe_overflow_six_doors_small, uniq_menkaure
D:5:      layout_rooms, nicolae_ru_sacrificial_ziggurat, minmay_mini_ossuary
D:6:      cheibrodos_fzero, layout_cave_pools, nicolae_tso_swordbearing_angel,
          minmay_temple_entry_stoned_glass, st_stairs_13, uniq_eustachio,
          uniq_maggie, uniq_grinder

Skill      XL: |  1  2  3  4  5  6  7  8 |
---------------+-------------------------+-----
Throwing       | 1 2 3 4 |  4.0
Dodging        | 2 3 4 |  4.6
Unarmed Combat | 3 4 5 |  5.1
Fighting       | 2 4 |  4.2
Short Blades   | |  0.4
Long Blades    | |  0.2
Axes           | |  0.2
Maces & Flails | |  0.2
Polearms       | |  0.4
Staves         | |  0.2
Slings         | |  0.1
Bows           | |  0.8
Crossbows      | |  0.1
Shields        | |  0.2
Spellcasting   | |  1.5
Conjurations   | |  0.3
Hexes          | |  0.2
Summonings     | |  0.4
Necromancy     | |  0.2
Translocations | |  2.5
Transmutations | |  0.1
Fire Magic     | |  0.4
Ice Magic      | |  0.2
Air Magic      | |  0.3
Earth Magic    | |  0.2
Poison Magic   | |  0.2
Invocations    | |  0.3
Evocations     | |  0.2

Action                   |  1- 3 |  4- 6 |  7- 9 || total
-------------------------+-------+-------+-------++-------
Melee: Unarmed           |   105 |   150 |   153 ||   408
       Punch             |       |     2 |     3 ||     5
Throw: Javelin           |     5 |    30 |    24 ||    59
       Boomerang         |     1 |    55 |       ||    56
 Cast: Blink             |       |       |     2 ||     2
Evoke: Wand              |       |       |     2 ||     2
Armor: Robe              |    40 |    57 |    40 ||   137
Dodge: Dodged            |    47 |    84 |    84 ||   215

Table legend: (Time is in decaauts)
 A = Elapsed time spent in this place.
 B = Non-inter-level travel time spent in this place.
 C = Inter-level travel time spent in this place.
 D = Time resting spent in this place.
 E = Time spent auto-exploring this place.
 F = Levels seen in this place.
 G = Mean time per level.
                   A        B        C        D        E       F      G
               +--------+--------+--------+--------+--------+-----+--------+
         Total |   4892 |   4723 |    169 |    555 |   2943 |   6 |  815.3 |
       Dungeon |   4892 |   4723 |    169 |    555 |   2943 |   6 |  815.3 |
               +--------+--------+--------+--------+--------+-----+--------+

Top non-repeatable levels by time:
     D:2: 1087 daAuts
     D:4: 1063 daAuts
     D:5: 839 daAuts
     D:3: 808 daAuts
     D:1: 761 daAuts
     D:6: 332 daAuts
